 Dungeon Sprint DCSS version 0.22-a0-265-g0d8bc90 (webtiles) character file.

886 Ghella the Imperceptible (level 7, -2/32 HPs)
             Began as a Spriggan Enchanter on Mar 7, 2018.
             Slain by an ufetubus (4 damage)
             ... summoned by a kobold demonologist
             ... while paralysed by a floating eye
             ... in the Dungeon (Sprint I: "Red Sonja").
             The game lasted 00:04:08 (943 turns).

Ghella the Imperceptible (Spriggan Enchanter)        Turns: 943, Time: 00:04:09

Health: -2/32      AC:  2    Str:  4    XL:     7   Next: 77%
Magic:  6/12       EV:  4    Int: 17    God:
Gold:   94         SH:  0    Dex: 18    Spells: 5/11 levels left

rFire    . . .     SeeInvis +   a - +1 dagger
rCold    . . .     Gourm    .   (shield restricted)
rNeg     . . .     Faith    .   b - +0 robe
rPois    .         Spirit   .   (helmet restricted)
rElec    .         Reflect  .   (no cloak)
rCorr    .         Harm     .   (gloves unavailable)
MR       +....     NoTele   +   (boots unavailable)
Stlth    ++++......             (no amulet)
HPRegen  0.10/turn              (no ring)
MPRegen  0.13/turn              (no ring)

@: paralysed, very slightly contaminated, invisible, slow
A: very small, unfitting armour, see invisible, herbivore, speed 3, slow
metabolism 2
a: no special abilities


You were in the Dungeon.
You were not hungry.

You visited 1 branch You collected 270 gold pieces.
You spent 176 gold pieces at shops.

Inventory:

Hand Weapons
 a - a +1 dagger (weapon)
Armour
 b - a +0 robe (worn)
Potions
 e - a potion of curing
 g - a potion of haste
 h - a potion of magic
 i - a potion of heal wounds
Comestibles
 d - a ration


   Skills:
 + Level 0.7 Fighting
 - Level 1.1 Short Blades
 - Level 3.0 Dodging
 * Level 22.8 Stealth
 - Level 2.6 Spellcasting
 - Level 3.6 Hexes
 + Level 1.9 Ice Magic


You had 5 spell levels left.
You knew the following spells:

 Your Spells              Type           Power        Failure   Level  Hunger
a - Corona                Hex            ##.....      4%          1    #......
b - Ensorcelled Hibernat  Hex/Ice        ##....       9%          2    ##.....
c - Confuse               Hex            ##......     12%         3    ###....


Dungeon Overview and Level Annotations

Branches:
Dungeon (1/1)

Altars:
Cheibriados
Dithmenos
Elyvilon
Fedhas
Gozag
Hepliaklqana
Kikubaaqudgha
Makhleb
Nemelex Xobeh
Okawaru
Qazlal
Ru
Sif Muna
Trog
Uskayaw
Vehumet
Wu Jian
Xom
Yredelemnul
Zin
The Shining One
Jiyva
Lugonu

Shops:
D !

Annotations:
D Sonja


Innate Abilities, Weirdness & Mutations

You are very small and have problems with some larger weapons.
You are too small for most types of armour.
You have supernaturally acute eyesight. (SInv)
You are a herbivore.
You cover ground extremely quickly.
You need to consume almost no food.


Message History

Found a plate armour.
A centaur warrior comes into view.
As you read the scroll labeled MET FEALUSKO, it crumbles to dust.
The scroll dissolves into smoke.
It was a scroll of fog.
The ufetubus misses you. x2; The ufetubus barely misses you. x2
There is an open door here.
You enter the shallow water.
Moving in this stuff is going to be slow. ...and don't expect to remain undetected.
A centaur warrior and a deep troll come into view.
There's a creature in the doorway!
The floating eye's view fixates on you.
The floating eye gazes piercingly through you!
You suddenly lose the ability to move!
The floating eye's view fixates on you. The ufetubus hits you.
* * * LOW HITPOINT WARNING * * *
The ufetubus splashes around in the water.
The ufetubus hits you.
You die...

#########################
<.#..'..#.)'..#__#..ss..#
..)..#.)'..#..'..+s.#.s.#
..#####'#####'#__####..s'..#
..####..#$.$#§####§§#####..+
..#__####$.##§#5§§§c# ##
..#_____##'#§§§G@§§§+
⌠⌠#_§∩.§4'§§§§#§§§§c#
###5§.__##_§#§##'####
#_K___###+#!#..$/ #######
#.####§### ... §T§ .K. ##.##
#'#


You could see a floating eye and an ufetubus.

Vanquished Creatures
  A kobold demonologist (D)
  A slime creature (D)
  Sigmund (D)
  A yak (D)
  An ogre (D)
  A jelly (D)
  Ijyb (D)
7 creatures vanquished.

Notes
Turn   | Place    | Note
-------+----------+-------------------------------------------
     0 | D        | Ghella the Spriggan Enchanter began the quest for the Orb.
     0 | D        | Reached XP level 1. HP: 9/9 MP: 5/5
     1 | D        | Noticed Ijyb
     6 | D        | Killed Ijyb
     6 | D        | Reached skill level 10 in Stealth
     6 | D        | Reached XP level 2. HP: 13/13 MP: 6/6
   152 | D        | Learned a level 2 spell: Ensorcelled Hibernation
   154 | D        | Noticed an ogre
   157 | D        | Killed an ogre
   157 | D        | Reached skill level 14 in Stealth
   157 | D        | Reached XP level 3. HP: 16/16 MP: 8/8
   157 | D        | Reached XP level 4. HP: 21/21 MP: 9/9
   163 | D        | Learned a level 3 spell: Confuse
   172 | D        | Noticed Sigmund
   175 | D        | Killed Sigmund
   175 | D        | Reached skill level 18 in Stealth
   175 | D        | Reached XP level 5. HP: 24/24 MP: 10/10
   175 | D        | Reached XP level 6. HP: 28/28 MP: 11/11
   189 | D        | Found a burning altar of Makhleb.
   189 | D        | Found a viscous altar of Jiyva.
   189 | D        | Found a shimmering altar of Xom.
   189 | D        | Found a corrupted altar of Lugonu.
   189 | D        | Noticed a slime creature
   192 | D        | Killed a slime creature
   192 | D        | Reached skill level 20 in Stealth
   205 | D        | Noticed a kobold demonologist
   205 | D        | Noticed a floating eye
   206 | D        | Noticed a kobold demonologist
   213 | D        | Noticed a ynoxinul
   213 | D        | Paralysed by a floating eye for 4 turns
   220 | D        | Paralysed by a floating eye for 4 turns
   289 | D        | Killed a kobold demonologist
   289 | D        | Reached skill level 22 in Stealth
   289 | D        | Reached skill level 1 in Ice Magic
   289 | D        | Reached XP level 7. HP: 17/32 MP: 9/12
   592 | D        | Noticed a demonic crawler
   592 | D        | Noticed a demonic crawler
   592 | D        | Noticed a demonic crawler
   592 | D        | Noticed a demonic crawler
   824 | D        | Found a deep blue altar of Sif Muna.
   825 | D        | Found an ornate altar of the Wu Jian Council.
   826 | D        | Found a radiant altar of Vehumet.
   829 | D        | Found Wigentugh's Distillery.
   829 | D        | Found a hazy altar of Hepliaklqana.
   829 | D        | Found a hide-covered altar of Uskayaw.
   829 | D        | Noticed a yak
   829 | D        | Noticed Sonja
   830 | D        | Found a stormy altar of Qazlal.
   830 | D        | Found a blossoming altar of Fedhas.
   830 | D        | Found a bloodstained altar of Trog.
   830 | D        | Found an iron altar of Okawaru.
   830 | D        | Found a sacrificial altar of Ru.
   830 | D        | Found a glowing silver altar of Zin.
   834 | D        | Found an ancient bone altar of Kikubaaqudgha.
   834 | D        | Found a basalt altar of Yredelemnul.
   834 | D        | Found a glowing golden altar of the Shining One.
   834 | D        | Found a snail-covered altar of Cheibriados.
   834 | D        | Found a shadowy altar of Dithmenos.
   834 | D        | Found a white marble altar of Elyvilon.
   835 | D        | Found an opulent altar of Gozag.
   841 | D        | Killed a yak
   844 | D        | Found a sparkling altar of Nemelex Xobeh.
   850 | D        | Bought a potion of magic for 88 gold pieces
   850 | D        | Bought a potion of heal wounds for 55 gold pieces
   850 | D        | Bought a potion of curing for 33 gold pieces
   914 | D        | Noticed an orange demon
   919 | D        | Noticed a red devil
   921 | D        | Noticed a chaos spawn
   938 | D        | Noticed a centaur warrior
   941 | D        | Noticed a centaur warrior
   941 | D        | Noticed a deep troll
   941 | D        | Paralysed by a floating eye for 3 turns
   943 | D        | Slain by an ufetubus

Vault maps used:
D:        dungeon_sprint_1

Skill      XL: |  1  2  3  4  5  6 |
---------------+-------------------+-----
Stealth        | 10 14 18 22 | 22.8
Ice Magic      | 1 |  1.9
Fighting       | |  0.7
Short Blades   | |  1.1
Dodging        | |  3.0
Spellcasting   | |  2.6
Hexes          | |  3.6

Action                   |  1- 3 |  4- 6 |  7- 9 || total
-------------------------+-------+-------+-------++-------
Melee: Dagger            |     5 |     4 |     3 ||    12
 Cast: Ensorcelled Hiber |       |     4 |     3 ||     7
       Confuse           |       |     3 |    10 ||    13
  Use: Potion            |     1 |     2 |     3 ||     6
       Scroll            |       |     1 |     1 ||     2
 Stab: Sleeping          |     1 |     3 |     2 ||     6
Armor: Robe              |       |     3 |     1 ||     4
Dodge: Dodged            |     2 |    21 |    32 ||    55

Table legend:
 A = Spawn XP
 B = Non-spawn XP
 C = Spawn XP percentage of total XP
 D = Spawn monster count
 E = Non-spawn monster count
 F = Spawn count percentage of total count
 G = Total turns spent on level
                    A         B        C        D         E        F      G
               +---------+---------+-------+---------+---------+-------+---------
         Total |       0 |    1267 |   0.0 |       0 |       7 |   0.0 |   943
               +---------+---------+-------+---------+---------+-------+---------
             D |       0 |    1267 |   0.0 |       0 |       7 |   0.0 |   943
               +---------+---------+-------+---------+---------+-------+---------
